 Dungeon Crawl Stone Soup version 0.28.0-43-g3370ac3207 (webtiles) character file.

Game seed: 16746120879405758012

105 Zeld the Magician (level 4, -9/24 HPs)
             Began as a Deep Elf Fire Elementalist on Mar 15, 2022.
             Killed from afar by a white imp (12 damage)
             ... with a puff of frost
             ... summoned by Natasha
             ... on level 3 of the Dungeon.
             The game lasted 00:02:20 (4021 turns).

Zeld the Magician (Deep Elf Fire Elementalist)      Turns: 4021, Time: 00:02:21

Health: -9/24      AC:  2    Str:  5    XL:     4   Next: 53%
Magic:  11/12      EV: 13    Int: 22    God:
Gold:   78         SH:  0    Dex: 15    Spells: 5/12 levels left

rFire   . . .      SeeInvis .   (no weapon)
rCold   . . .      Faith    .   (no shield)
rNeg    . . .      Spirit   .   a - +0 robe
rPois   .          Reflect  .   (no helmet)
rElec   .          Harm     .   (no cloak)
rCorr   +          Rampage  .   (no gloves)
Will    .....                   (no boots)
Stlth   ++........              (no amulet)
HPRegen 0.08/turn               i - ring of resist corrosion
MPRegen 0.13/turn               (no ring)

@: no status effects
A: no striking features
a: no special abilities


You were on level 3 of the Dungeon.
You visited 1 branch of the dungeon, and saw 3 of its levels.

You collected 78 gold pieces.

Inventory:

Armour
 a - a +0 robe (worn)
Jewellery
 i - a ring of resist corrosion (left hand)
Scrolls
 d - a scroll of immolation {unknown}
 f - a scroll of enchant armour {unknown}
 g - 2 scrolls of identify {unknown}
 k - a scroll of amnesia {unknown}
 l - a scroll of enchant weapon {unknown}
 n - a scroll of noise {unknown}
Potions
 b - a potion of ambrosia {unknown}
 c - 3 potions of curing {unknown}
 e - a potion of might {unknown}
 h - a potion of magic {unknown}
 j - a potion of haste {unknown}
 m - a potion of flight {unknown}


   Skills:
 + Level 3.0 Dodging
 + Level 3.1 Stealth
 * Level 4.5 Spellcasting
 + Level 2.0 Conjurations
 * Level 4.2 Fire Magic


You had 5 spell levels left.
You knew the following spells:

 Your Spells              Type           Power      Damage    Failure   Level
a - Foxfire               Conj/Fire      72%        2x1d7     3%          1
b - Scorch                Fire           46%        2d7       2%          2
c - Flame Wave            Conj/Fire      18%        2d6       28%         4

Your spell library contained the following spells:

 Spells                   Type           Power      Damage    Failure   Level
 Conjure Flame            Conj/Fire      18%        6-21      9%          3
 Inner Flame              Hex/Fire       14%        N/A       14%         3


Dungeon Overview and Level Annotations

Branches:
Dungeon (3/15)

Altars:

Shops:
D:1 =

Annotations:
D:3 Natasha


Message History

You conjure some foxfire!
Your foxfire dissipates!
Your foxfire dissipates!
c - 3 viscous puce potions (gained 1) Natasha, Servant of Life and Death comes into view.
Casting: Foxfire (safe; 3% risk of failure)
Confirm with . or Enter, or press ? or * to list all spells.
You conjure some foxfire!
Natasha is nearby!
Casting: Foxfire (safe; 3% risk of failure)
Confirm with . or Enter, or press ? or * to list all spells.
You conjure some foxfire!
The foxfire hits Natasha.
Natasha is lightly wounded.
Natasha hisses angrily.
Natasha casts a spell.
The foxfire hits the white imp.
The white imp is lightly wounded.
There are monsters nearby!
There are monsters nearby!
Casting: Foxfire (safe; 3% risk of failure)
Confirm with . or Enter, or press ? or * to list all spells.
You conjure some foxfire!
The foxfire hits the white imp but does no damage.
The white imp is lightly wounded.
The white imp gestures at you. The puff of frost hits you.
Your foxfire dissipates!
The white imp gestures at you. The puff of frost hits you!
Natasha mumbles some strange words.
Your foxfire dissipates!
The white imp shouts, "Decamp, thou pribbling hasty-witted deadneck!"
Natasha casts a spell.
The white imp gestures at you. The puff of frost hits you!
* * * LOW HITPOINT WARNING * * *
The white imp gestures at you. The puff of frost hits you!
Ouch! That really hurt!
You die...

#...# #.###.###..######. #§.§#
##........(....... #☼§.#
#.###.###[........ #§§.#
#......##.########
########...#####.###..##.# #
h.55.....##..##..###..##.##### #
########.##..##.........#....####
#.##..###.###..##.#.......
#.##..###@###).##.#...####
#.55..............#####
#####..########.#### #......# #.#
#.####.# #.# #.########.#
#..........# ############


You could see 2 white imps.

Vanquished Creatures
  4 adders (D:2)
  2 worms
  3 dart slugs (D:1)
  9 endoplasms
  6 goblins
  A hobgoblin (D:2)
  9 jackals
  2 quokkas
  A ball python (D:2)
  2 bats (D:1)
  2 frilled lizards (D:2)
  5 kobolds
  8 rats
  A bush (D:2)
55 creatures vanquished.

Vanquished Creatures (collateral kills)
  10 foxfires (D:2)
10 creatures vanquished.

Vanquished Creatures (others)
  182 foxfires
  4 plants (D:2)
186 creatures vanquished.

Grand Total: 251 creatures vanquished

Notes
Turn   | Place    | Note
-------+----------+-------------------------------------------
     0 | D:1      | Zeld the Deep Elf Fire Elementalist began the quest for the
                  | Orb.
     0 | D:1      | Reached XP level 1. HP: 10/10 MP: 6/6
   112 | D:1      | Found Zappejio's Jewellery Emporium.
   214 | D:1      | Reached XP level 2. HP: 5/15 MP: 4/8
   217 | D:1      | Learned a level 2 spell: Scorch
   760 | D:1      | Found a faded altar of an unknown god.
  1319 | D:1      | Reached XP level 3. HP: 19/19 MP: 8/10
  2247 | D:2      | Reached XP level 4. HP: 19/24 MP: 6/12
  2252 | D:2      | Learned a level 4 spell: Flame Wave
  4000 | D:3      | Noticed Natasha
  4021 | D:3      | Killed from afar by a white imp

Illustrated notes

Levels and vault maps discovered:
D:1:      scummos_arrival_gate, layout_basic,
          shapermc_ecumenical_altar_totnotflames, serial_shops, shop,
          glass_columns_c
D:2:      layout_loops_cross, serial_forest, infiniplex_forest_clump_curved,
          infiniplex_forest_end_1, infiniplex_forest_lined_corner,
          infiniplex_forest_split, infiniplex_forest_clump_medium,
          infiniplex_forest_clump_double, infiniplex_forest_clump_large
D:3:      layout_loops_ring, grunt_temple_overflow_opulence,
          lemuel_flame_loot_1, uniq_natasha

Skill      XL: |  1  2  3  4 |
---------------+-------------+-----
Spellcasting   | 4 |  4.5
Stealth        | 3 |  3.1
Fire Magic     | 4 |  4.2
Dodging        | 3 |  3.0
Conjurations   | 2 |  2.0

Action                   |  1- 3 |  4- 6 || total
-------------------------+-------+-------++-------
Melee: Unarmed           |     3 |     2 ||     5
 Cast: Foxfire           |    87 |    40 ||   127
       Scorch            |     7 |     5 ||    12
       Flame Wave        |       |     1 ||     1
Armor: Robe              |     6 |     3 ||     9
Dodge: Dodged            |    27 |    10 ||    37
